 Dungeon Crawl Stone Soup version 0.30.0-19-g36f170ea60 (webtiles) character file.

Game seed: 5529996651648402397

2537 Woods the Sneak (level 9, -20/45 HPs)
             Began as a Vine Stalker Conjurer on May 26, 2023.
             Was a Follower of Vehumet.
             Demolished by a two-headed ogre
             ... wielding a +0 giant club
              (22 damage)
             ... on level 8 of the Dungeon on May 31, 2023.
             The game lasted 00:22:23 (8678 turns).

Woods the Sneak (Vine Stalker Conjurer)             Turns: 8678, Time: 00:22:23

Health: -20/45     AC:  6    Str:  9    XL:     9   Next: 55%
Magic:  0/20       EV: 13    Int: 28    God:    Vehumet [*.....]
Gold:   587        SH:  5    Dex: 14    Spells: 12/22 levels left

rFire   . . .        (no weapon)
rCold   . . .        o - +2 buckler {AC+3}
rNeg    . . .        a - +0 robe
rPois   .            (no helmet)
rElec   .            (no cloak)
rCorr   .            (no gloves)
SInv    .            v - +0 pair of boots
Will    +....        (no amulet)
Stlth   ++++         g - +6 ring of intelligence
HPRegen 1.07/turn    (no ring)
MPRegen 0.17/turn

%: guardian spirit
@: invisible
A: fangs 3, regeneration 1, magic shield, antimagic bite, no potion heal 2
a: Renounce Religion


You were on level 8 of the Dungeon.
You worshipped Vehumet.
Vehumet was aware of your devotion.
You visited 2 branches of the dungeon, and saw 9 of its levels.
You also visited: Ossuary.

You collected 773 gold pieces.
You spent 186 gold pieces at shops.

Inventory:

Armour
 a - a +0 robe (worn)
 o - a +2 buckler of protection (worn)
 v - a +0 pair of boots (worn)
Jewellery
 b - a +6 ring of strength
 g - a +6 ring of intelligence (left hand)
Wands
 w - a wand of acid (2)
 y - a wand of roots (6)
Scrolls
 d - 2 scrolls of identify
 f - 3 scrolls of vulnerability
 h - a scroll of immolation {unknown}
 i - 2 scrolls of magic mapping
 j - a scroll of fog {unknown}
 k - a scroll of poison {unknown}
 l - 5 scrolls of teleportation
 n - 4 scrolls of enchant weapon {unknown}
 s - 2 scrolls of noise {unknown}
 t - a scroll of enchant armour {unknown}
 u - a scroll of amnesia {unknown}
 x - a scroll of fear {unknown}
 C - 3 scrolls of blinking {unknown}
Potions
 c - a potion of mutation {unknown}
 e - 4 potions of flight {unknown}
 m - 7 potions of curing {unknown}
 p - 3 potions of lignification
 q - a potion of invisibility
 r - a potion of brilliance {unknown}
 z - a potion of cancellation {unknown}
 A - 2 potions of heal wounds {unknown}
 B - 2 potions of degeneration {unknown}
 D - a potion of attraction {unknown}


   Skills:
 + Level 3.9 Fighting
 - Level 5.0 Dodging
 + Level 7.5 Stealth
 - Level 7.0 Spellcasting
 - Level 7.0 Conjurations


You had 12 spell levels left.
You knew the following spells:

 Your Spells              Type           Power      Damage    Failure   Level
a - Magic Dart            Conj           100%       1d8       1%          1
b - Searing Ray           Conj           98%        2d8       1%          2
c - Dazzling Flash        Conj/Hex       58%        N/A       6%          3
d - Fulminant Prism       Conj/Hex       14%        3d9       21%         4

Your spell library contained the following spells:

 Spells                   Type           Power      Damage    Failure   Level
 Foxfire                  Conj/Fire      100%       2x1d9     1%          1
 Static Discharge         Conj/Air       58%        2-5/arc   3%          2
 Poisonous Vapours        Pois/Air       18%        N/A       13%         2
 Iskenderun's Mystic Bla  Conj/Tloc      29%        2d7       21%         4
 Ozocubu's Armour         Ice            9%         N/A       26%         3
 Simulacrum               Ice/Necr       4%         N/A       100%        6
 Ozocubu's Refrigeration  Ice            4%         4d8       100%        7
 Storm Form               Tmut/Air       4%         N/A       100%        7
 Polar Vortex             Ice            4%         N/A       100%        9


Dungeon Overview and Level Annotations

Branches:
Dungeon (8/15)             Temple (1/1) D:6         Ossuary (visited)
   Lair: D:8-11

Altars:
Ashenzari
Cheibriados
Dithmenos
Elyvilon
Fedhas
Gozag
Hepliaklqana
Makhleb
Okawaru
Qazlal
Ru
Trog
Uskayaw
Vehumet
Wu Jian
Xom
Yredelemnul
Zin
The Shining One

Shops:
D:4 (==!?   D:7 *?[

Annotations:
D:7 2 transporters


Innate Abilities, Weirdness & Mutations

You have razor-sharp teeth.
Your natural rate of healing is unusually fast.
When hurt, damage is shared between your health and your magic reserves.
Your bite disrupts and absorbs the magic of your enemies.
Potions cannot restore your health.


Message History

The two-headed ogre is lightly wounded.
Aiming: Magic Dart (safe; 1% risk of failure)
Press: ? - help, Q - select action, (/) - cycle Shift-Dir - straight line, f/p - two-headed ogre
Aim: a two-headed ogre, wielding a +0 giant club and a +0 giant spiked club (lightly wounded, 100% to hit)
The magic dart hits the two-headed ogre.
The two-headed ogre is lightly wounded.
Casting: Magic Dart (safe; 1% risk of failure)
Confirm with . or Enter, or press ? or * to list all spells.
Aiming: Searing Ray (safe; 1% risk of failure)
Press: ? - help, Shift-Dir - straight line, f/p - two-headed ogre
Aim: a two-headed ogre, wielding a +0 giant club and a +0 giant spiked club (lightly wounded, 92% to hit)
The searing ray misses the two-headed ogre. (Press . to maintain the ray.)
The searing ray hits the two-headed ogre.
The two-headed ogre is moderately wounded.
The searing ray hits the two-headed ogre.
The two-headed ogre is moderately wounded.
The searing ray hits the two-headed ogre.
The two-headed ogre is heavily wounded.
You finish channelling your searing ray.
The two-headed ogre hits you with a +0 giant club!!
The two-headed ogre hits you with a +0 giant spiked club!
Casting: Searing Ray (safe; 1% risk of failure)
Confirm with . or Enter, or press ? or * to list all spells.
Aiming: Searing Ray (safe; 1% risk of failure)
Press: ? - help, Shift-Dir - straight line, f/p - two-headed ogre
Aim: a two-headed ogre, wielding a +0 giant club and a +0 giant spiked club (heavily wounded, 92% to hit)
The searing ray hits the two-headed ogre.
The two-headed ogre is heavily wounded. (Press . to maintain the ray.)
The searing ray hits the two-headed ogre.
The two-headed ogre is heavily wounded.
The two-headed ogre closely misses you.
The two-headed ogre hits you with a +0 giant spiked club!!
* * * LOW HITPOINT WARNING * * *
Unknown command.
You fade into invisibility!
The two-headed ogre closely misses you.
The two-headed ogre hits you with a +0 giant spiked club!!
You die...

...$....♣♣..##..........#
........♣..###..........#
..........#####..#.>....#
.♣....O.....##..#......#
♣.♣....####.##|.....####
....#.### #.##...#.## .#.
#. #....#.#.# # #.
###..#.#.# .... #.O@.#.#
......####......#
..!........).###.#
........##).## #.#####
... #.)).# #.....#
......##.####..##.#
.....# #.#....##..#
....####.....)....# ....
#.......)....#


You could see a two-headed ogre (unable to see you).

Vanquished Creatures
  A troll (D:5)
  Sigmund (D:6)
  A water moccasin (D:7)
  A sky beast (D:7)
  2 black bears (D:5)
  An ogre (D:4)
  A phantom (D:6)
  3 centaurs
  A scorpion (D:5)
  3 bullfrogs
  A howler monkey (D:4)
  A centaur zombie (D:4)
  3 jellies
  4 human zombies (Ossuary)
  5 hounds
  3 orc priests
  2 gnoll boudas
  A sleepcap (D:5)
  2 iguanas
  5 orc wizards
  4 hound zombies
  4 mummies (Ossuary)
  9 adders
  11 gnolls
  2 white imps
  2 ufetubi
  2 adder zombies (D:4)
  A worm (D:5)
  A dart slug (D:5)
  19 orcs
  4 bats (D:1)
  4 endoplasms
  3 giant cockroaches
  A gnoll zombie (Ossuary)
  4 goblins
  3 hobgoblins
  7 ball pythons
  2 frilled lizards (D:1)
  A hobgoblin zombie (Ossuary)
  A jackal zombie (Ossuary)
  4 kobolds
  3 orc zombies (Ossuary)
  4 rats
138 creatures vanquished.

Vanquished Creatures (others)
  4 fulminant prisms
4 creatures vanquished.

Grand Total: 142 creatures vanquished

Notes
Turn   | Place    | Note
-------+----------+-------------------------------------------
     0 | D:1      | Woods the Vine Stalker Conjurer began the quest for the
                  | Orb.
     0 | D:1      | Reached XP level 1. HP: 9/9 MP: 4/4
   280 | D:1      | Reached XP level 2. HP: 13/13 MP: 3/6
  1260 | D:1      | Learned a level 2 spell: Searing Ray
  1340 | D:2      | Reached XP level 3. HP: 16/16 MP: 2/7
  1811 | D:2      | Gained mutation: Your natural rate of healing is unusually
                  | fast. [Vine Stalker growth]
  1811 | D:2      | Reached XP level 4. HP: 21/21 MP: 4/9
  2923 | D:4      | Reached XP level 5. HP: 5/24 MP: 0/10
  3219 | D:4      | Found a basalt altar of Yredelemnul.
  3329 | D:4      | Found an iron altar of Okawaru.
  3594 | D:4      | Reached XP level 6. HP: 28/28 MP: 7/12
  3658 | D:4      | Learned a level 3 spell: Dazzling Flash
  3663 | D:4      | Learned a level 4 spell: Fulminant Prism
  3669 | D:4      | Found Kazascha's Antique Weapon Shoppe.
  3673 | D:4      | Found Foghixuigh's Jewellery Emporium.
  3689 | D:3      | Reached skill level 5 in Conjurations
  4161 | D:4      | Reached skill level 5 in Stealth
  4191 | D:4      | Found Vidydd Liybb's Jewellery Emporium.
  4192 | D:4      | Found Ryimnosa's Magic Scroll Emporium.
  4199 | D:4      | Found Alut's Distillery.
  4201 | D:4      | Bought a scroll of teleportation for 39 gold pieces
  4201 | D:4      | Bought a scroll of identify for 26 gold pieces
  4204 | D:4      | Bought a potion of lignification for 33 gold pieces
  4204 | D:4      | Bought a potion of invisibility for 88 gold pieces
  4499 | D:5      | Entered Level 5 of the Dungeon
  4499 | D:5      | Noticed a black bear
  4505 | D:5      | Killed a black bear
  4506 | D:5      | Reached XP level 7. HP: 26/32 MP: 3/14
  4984 | D:5      | Noticed a troll
  4990 | D:5      | Killed a troll
  4991 | D:5      | Reached skill level 5 in Spellcasting
  4991 | D:5      | Gained mutation: You have razor-sharp teeth. [Vine Stalker
                  | growth]
  4991 | D:5      | Reached XP level 8. HP: 36/36 MP: 7/16
  5642 | D:5      | Found an ornate altar of the Wu Jian Council.
  5643 | D:5      | Found a shimmering altar of Xom.
  5671 | D:5      | Got the Almanac of the Nine Tusks
  5855 | D:6      | Found a staircase to the Ecumenical Temple.
  5856 | D:6      | Noticed Sigmund
  5866 | D:6      | Killed Sigmund
  6010 | Temple   | Entered the Ecumenical Temple
  6245 | Temple   | Became a worshipper of Vehumet
  6680 | D:6      | Found a hide-covered altar of Uskayaw.
  6746 | D:6      | Reached skill level 5 in Dodging
  7320 | D:7      | Reached XP level 9. HP: 25/40 MP: 7/20
  7425 | D:7      | Reached skill level 1 in Fighting
  7602 | D:7      | Found a blossoming altar of Fedhas.
  7603 | D:7      | Found a glowing silver altar of Zin.
  7629 | D:7      | Found Rerulem's Assorted Antiques.
  7691 | D:7      | Reached * piety under Vehumet
  7691 | D:7      | Offered knowledge of Foxfire by Vehumet.
  7764 | D:7      | Found a transporter.
  7768 | D:7      | Found Etuovvus's Magic Scroll Emporium.
  7771 | D:7      | Found a transporter.
  7877 | D:7      | Found Bixyno's Antique Armour Shop.
  8075 | D:7      | Found a white marble altar of Elyvilon.
  8353 | D:8      | Noticed a two-headed ogre
  8370 | D:8      | Found a sand-covered staircase.
  8377 | Ossuary  | Entered an ossuary
  8677 | D:8      | HP: 1/45 [two-headed ogre/+0 giant club (19)]
  8678 | D:8      | Demolished by a two-headed ogre

Illustrated notes

Levels and vault maps discovered:
D:1:      dpeg_chamrin_arrival_tetris, layout_loops_corners
D:2:      layout_basic, serial_rivers, chequers_serial_rivers_micro_b,
          chequers_serial_rivers_large_a, chequers_serial_rivers_micro_a,
          chequers_serial_rivers_micro_e, chequers_serial_rivers_small_3,
          chequers_serial_rivers_micro_e, nicolae_grassy_gnolls
D:3:      layout_basic
D:4:      layout_basic, nicolae_yredelemnul_corpse_copse,
          okawaru_ov_weapons_minmay, serial_shops, shop,
          minmay_shop_grid_forest, hangedman_decor_slide_cut,
          nicolae_underground_beach
D:5:      layout_cave_pods, gammafunk_temple_overflow_statue, serial_park,
          serial_park_fountain, serial_park_tiny_pond, serial_park_tiny_1,
          serial_park_gazebo [serial_park_minivault_5x5_1],
          hangedman_abyss_or_decor_stagger
D:6:      layout_loops_ring, mainiacjoe_overflow_tiny_flanked,
          minmay_temple_entry_stoned_glass, gup_sewer_entry_glass,
          minmay_gold_behind_fungi, uniq_sigmund
D:7:      layout_basic, lemuel_coloured_pillars_altar,
          mainiacjoe_overflow_big_doors, serial_shops, nicolae_shop_drivethru,
          nicolae_shop_trees, nicolae_square_shop
D:8:      layout_rooms, nicolae_ossuary_entry_ruins,
          kennysheep_decorative_pillar
Temple:   grunt_temple_mini_profane

Skill      XL: |  1  2  3  4  5  6  7  8  9 |
---------------+----------------------------+-----
Stealth        | 3 4 5 7 |  7.5
Dodging        | 2 3 4 5 |  5.0
Spellcasting   | 3 4 5 7 |  7.0
Conjurations   | 5 6 7 |  7.0
Fighting       | 3 |  3.9

Action                     |  1- 3 |  4- 6 |  7- 9 || total
---------------------------+-------+-------+-------++-------
  Melee: Unarmed           |     8 |    28 |    24 ||    60
         Bite              |       |     6 |     6 ||    12
   Cast: Magic Dart        |    53 |    37 |    80 ||   170
         Searing Ray       |     2 |    18 |    48 ||    68
         Fulminant Prism   |       |       |     4 ||     4
    Use: Scroll            |       |       |     3 ||     3
         Potion            |       |       |     3 ||     3
 Armour: Robe              |     9 |    16 |    18 ||    43
         Skin              |       |       |   104 ||   104
  Dodge: Dodged            |    16 |    33 |    55 ||   104
  Block: Buckler           |       |    16 |    36 ||    52
